 Dungeon Crawl Stone Soup version 0.29-a0-919-gd064cfad1c (webtiles) character file.

Game seed: 11431524064448609769

1632 concernfroge the Fighter (level 8, 0/72 HPs)
             Began as a Mummy Monk on July 26, 2022.
             Was an Initiate of Gozag.
             Slain by Pikel
             ... wielding a +2 whip of electrocution
              (18 damage)
             ... on level 4 of the Dungeon.
             The game lasted 00:22:42 (4979 turns).

concernfroge the Fighter (Mummy Monk)               Turns: 4979, Time: 00:22:43

Health: 0/72       AC: 18    Str: 17    XL:     8   Next: 66%
Magic:  8/8        EV:  5    Int: 15    God:    Gozag
Gold:   551        SH:  0    Dex: 14    Spells: 7/7 levels left

rFire   x . .      SeeInvis .   h - +3 broad axe
rCold   + . .      Faith    .   (no shield)
rNeg    + + +      Spirit   .   g - +0 plate armour
rPois   ∞          Reflect  .   (no helmet)
rElec   .          Harm     .   e - +1 cloak
rCorr   .          Rampage  .   a - +0 pair of gloves
Will    +....                   f - +0 pair of boots
Stlth   ..........              (no amulet)
HPRegen 0.22/turn               b - +4 ring of protection
MPRegen 0.11/turn               i - +6 ring of intelligence

@: no status effects
A: cold resistance 1, negative energy resistance 3, torment resistance 2, heat
vulnerability 1, in touch with death 1, no potions
a: Renounce Religion, Potion Petition, Call Merchant, Bribe Branch


You were on level 4 of the Dungeon.
You worshipped Gozag.
Gozag was pleased with you.
You visited 2 branches of the dungeon, and saw 8 of its levels.

You collected 596 gold pieces.
You spent 45 gold pieces at shops.

Inventory:

Hand Weapons
 h - a +3 broad axe (weapon)
Missiles
 c - a throwing net
 k - 6 boomerangs (quivered)
Armour
 a - a +0 pair of gloves (worn)
 e - a +1 cloak (worn)
 f - a +0 pair of boots (worn)
 g - a +0 plate armour (worn)
Jewellery
 b - a +4 ring of protection (left hand)
 i - a +6 ring of intelligence (right hand)
Scrolls
 l - a scroll of fog
 m - a scroll of identify


   Skills:
 - Level 10.0 Fighting
 + Level 4.5(4.9) Axes
 - Level 2.4(3.8) Polearms
 - Level 2.4 Dodging
 - Level 1.5 Stealth


You had 7 spell levels left.
You didn't know any spells.
Your spell library contained the following spells:

 Spells                   Type           Power      Damage    Failure   Level
 Apportation              Tloc           0%         N/A       100%        1
 Gell's Gravitas          Tloc           0%         N/A       100%        3
 Teleport Other           Tloc           0%         N/A       100%        3
 Alistair's Intoxication  Tmut/Pois      0%         N/A       100%        5
 Dispersal                Tloc           0%         N/A       100%        6


Dungeon Overview and Level Annotations

Branches:
Dungeon (7/15)             Temple (1/1) D:5

Altars:
Ashenzari
Cheibriados
Dithmenos
Fedhas
Gozag
Hepliaklqana
Kikubaaqudgha
Nemelex Xobeh
Okawaru
Qazlal
Ru
Sif Muna
Trog
Uskayaw
Wu Jian
Xom

Shops:
D:1 [   D:2 [   D:3 *

Annotations:
D:3 Grinder
D:4 1 runed translucent door, Hubjo's ghost, amateur DsTm; Pikel
D:5 Dowan


Innate Abilities, Weirdness & Mutations

You are immune to poison.
Your flesh is cold resistant. (rC+)
You are immune to negative energy. (rN+++)
You are immune to unholy pain and torment.
You are vulnerable to heat. (rF-)
You are in touch with the powers of death.
You do not drink.


Message History

You completely miss Duvessa.
Duvessa is lightly wounded.
Duvessa hits you with a +0 rapier!
You slash Duvessa!
Duvessa is severely wounded.
Duvessa hits you with a +0 rapier.
You slash Duvessa!
Duvessa is almost dead.
Duvessa hits you but does no damage. Duvessa hits you with a +0 rapier.
You hit Duvessa.
You kill Duvessa!
You hear a distant wail of despair.
Dowan is nearby!
There is a stone staircase leading up here.
Dowan shouts!
Dowan seems to find hidden reserves of power!
Dowan casts a spell.
Dowan blinks!
You climb upwards.
Level annotation: 1 runed translucent door, Hubjo's ghost, amateur DsTm; Pikel Pikel hits you but does no damage.
You are electrocuted!!
Pikel hits you with a +2 whip of electrocution.
You are electrocuted!
There is a stone staircase leading down here.
The air fills with toxic fumes!
As you read the scroll of poison, it crumbles to dust.
Pikel barely misses you. Pikel attacks as you move away!
Pikel hits you with a +2 whip of electrocution!
* * * LOW HITPOINT WARNING * * *
Pikel is engulfed in poison gas.
Pikel is poisoned.
Found a scroll labelled RUOPOPL RAKHUI.
Pikel is engulfed in poison gas.
Pikel looks even sicker.
There is an open door here.
You slash Pikel!
Pikel is heavily wounded.
Pikel looks even sicker.
Pikel hits you but does no damage.
You are electrocuted!!
You die...
Your body crumbles into a pile of gold.

##..#..######.#####..#..##
##.#......#§§§§§#.......#
#.#......'§§§§.'.......#
+..).....#§§§..#.......#
#....)...##☼>###......##
##.#..######§§###5######
##..#..##..##§§#..o.#
##..##..##...§K§#.o..#
###..#........##@###5###
#....+........##§.##.
.....#........#§§...o
.##..##..#######☼.....
########## #..##### #..#
#... +.?.


You could see Pikel (very poisoned).

Vanquished Creatures
  Eustachio (D:6)
  A black bear (D:6)
  Duvessa (D:5)
  3 ogres (D:6)
  2 lemures
  2 phantoms (D:6)
  A bullfrog (D:4)
  3 scorpions
  4 wights (D:6)
  A jelly (D:6)
  An orc priest (D:3)
  4 hounds
  Jessica (D:2)
  2 orc wizards (D:6)
  2 iguanas (D:4)
  4 gnolls (D:6)
  4 adders
  A shadow imp (D:7)
  A worm (D:2)
  15 orcs
  A bat (D:1)
  An endoplasm (D:1)
  4 giant cockroaches
  5 goblins
  4 hobgoblins (D:4)
  8 jackals
  7 kobolds
  3 ball pythons
  5 rats
92 creatures vanquished.

Notes
Turn   | Place    | Note
-------+----------+-------------------------------------------
     0 | D:1      | concernfroge the Mummy Monk began the quest for the Orb.
     0 | D:1      | Reached XP level 1. HP: 18/18 MP: 1/1
   160 | D:1      | Found Jesudim's Armour Emporium.
   757 | D:1      | Reached XP level 2. HP: 23/24 MP: 2/2
  1022 | D:2      | Found Irewe's Armour Boutique.
  1050 | D:2      | Reached skill level 4 in Fighting
  1129 | D:2      | Gained mutation: You are in touch with the powers of death.
                  | [Mummy growth]
  1129 | D:2      | Reached XP level 3. HP: 30/30 MP: 3/3
  1155 | D:2      | Noticed Jessica
  1174 | D:2      | Killed Jessica
  1398 | D:2      | Reached XP level 4. HP: 25/38 MP: 4/4
  1437 | D:2      | Reached skill level 5 in Fighting
  1731 | D:2      | Bought a +0 pair of boots for 45 gold pieces
  1924 | D:3      | Noticed Grinder
  1926 | D:3      | Paralysed by Grinder for 3 turns
  1939 | D:3      | Found Exetegok's General Store.
  1946 | D:3      | Reached XP level 5. HP: 39/46 MP: 5/5
  2045 | D:4      | Reached skill level 6 in Fighting
  2176 | D:4      | Noticed a lemure
  2176 | D:4      | Noticed Pikel
  2176 | D:4      | Noticed a lemure
  2177 | D:4      | Noticed a lemure
  2178 | D:4      | Noticed a lemure
  2186 | D:5      | Entered Level 5 of the Dungeon
  2200 | D:5      | Killed a lemure
  2661 | D:5      | Found a staircase to the Ecumenical Temple.
  2676 | Temple   | Entered the Ecumenical Temple
  2833 | Temple   | Became a worshipper of Gozag Ym Sagoz the Greedy
  2885 | D:5      | Noticed Duvessa
  3026 | D:4      | Found a runed translucent door.
  3067 | D:4      | Noticed Hubjo's ghost (amateur DsTm)
  3107 | D:4      | Reached XP level 6. HP: 53/53 MP: 6/6
  3146 | D:4      | Reached skill level 7 in Fighting
  3672 | D:6      | Reached skill level 8 in Fighting
  3672 | D:6      | Reached XP level 7. HP: 56/62 MP: 7/7
  3691 | D:6      | Noticed Eustachio
  3718 | D:6      | Killed Eustachio
  3783 | D:7      | Reached skill level 9 in Fighting
  4051 | D:6      | Reached XP level 8. HP: 44/72 MP: 8/8
  4064 | D:6      | Reached skill level 10 in Fighting
  4064 | D:6      | Reached skill level 1 in Axes
  4109 | D:6      | Identified the +7 dagger of Ragnarok {vorpal, rPois rN+
                  | Dex-5}
  4393 | D:5      | Noticed Dowan
  4947 | D:5      | Killed Duvessa
  4979 | D:4      | Slain by Pikel

Illustrated notes

Levels and vault maps discovered:
D:1:      dpeg_arrival_signposts, layout_basic, serial_shops, shop,
          hangedman_abyss_or_decor_lesser_grid, chequers_serial_rivers_small_a
D:2:      layout_rooms, serial_shops, shop, uniq_jessica
D:3:      layout_basic, serial_shops, shop, portal_sewer_entry_f,
          grunt_decor_cap, uniq_grinder
D:4:      layout_gridville, gammafunk_temple_overflow_claw,
          ebering_ghost_sewer_d, roderic_lattice_a, uniq_pikel
D:5:      lemuel_insect_pit, layout_basic, minmay_temple_entry_antechambers,
          uniq_duvessa
D:6:      layout_gridville, uniq_eustachio
D:7:      layout_cave_pools, kennysheep_little_box,
          lightli_ossuary_entry_decrepit_ruins, serial_shops,
          kennysheep_mini_moat, kennysheep_decorative_pillar
Temple:   regret_index_temple_mists

Skill      XL: |  1  2  3  4  5  6  7  8 |
---------------+-------------------------+-----
Fighting       | 4 5 6 8 9 10 | 10.0
Axes           | 4 |  4.5
Polearms       | |  2.4
Dodging        | |  2.4
Stealth        | |  1.5

Action                   |  1- 3 |  4- 6 |  7- 9 || total
-------------------------+-------+-------+-------++-------
Melee: Spear             |   117 |    21 |       ||   138
       Scimitar          |       |    25 |       ||    25
       Mace              |       |   144 |    62 ||   206
       Punch             |       |     5 |     2 ||     7
       Broad axe         |       |       |    72 ||    72
Throw: Boomerang         |       |     1 |     8 ||     9
  Use: Scroll            |     3 |     4 |    12 ||    19
 Stab: Sleeping          |     1 |       |       ||     1
Armor: Chain mail        |    24 |       |       ||    24
       Plate armour      |    25 |   176 |   139 ||   340
Dodge: Dodged            |    32 |    46 |    54 ||   132

Table legend: (Time is in decaauts)
 A = Elapsed time spent in this place.
 B = Non-inter-level travel time spent in this place.
 C = Inter-level travel time spent in this place.
 D = Time resting spent in this place.
 E = Time spent auto-exploring this place.
 F = Levels seen in this place.
 G = Mean time per level.
                   A        B        C        D        E       F      G
               +--------+--------+--------+--------+--------+-----+--------+
         Total |   5166 |   4776 |    390 |    601 |   2984 |   8 |  645.8 |
       Dungeon |   4932 |   4589 |    343 |    601 |   2816 |   7 |  704.6 |
        Temple |    234 |    188 |     46 |      0 |    168 |   1 |  234.0 |
               +--------+--------+--------+--------+--------+-----+--------+

Top non-repeatable levels by time:
     D:6: 1230 daAuts
     D:1: 1003 daAuts
     D:4: 927 daAuts
     D:2: 755 daAuts
     D:5: 633 daAuts
     D:3: 265 daAuts
  Temple: 234 daAuts
     D:7: 116 daAuts
